Unix NetHack Version 5.0.0-0 post-release - last build Jun 10 2026 00:39:30 (3ee93aec679c4c4259841fe613dc97188e26a321,branch:main).

Game began 2026-06-21 14:30:43, ended 2026-06-21 14:40:15.

DaveT, lawful male human Priest

                                                ------- ----           ------
                                                |..|..---..--          |....|
                                                |......|....|          |..^.|
                              ---    -------     -.........--          |.|.--
                             --.--  --.--..--   --......----           |.|.|
                             |...|  |.......--- |^.....--             --.|.|
                             |...|  |.........---.....>|             --..|.|
                             --..-- |......--..*......--             |..-|.|
                              |...| |.--.-------......--             |.--|.--
                              |--.--|.|---     |-......|            --.--|..|
                 -            |.....|.|        |^......---          |...|--.|
                 |.          --..--...|        |<........--         |...| |.|
               ---.          |......---     ----..........|         |.)-- |.--
           -- --....         |......|      --.............[         |..|  |..--
      | | --........----------.....--      |....--...--..#--  -------.)| --...|
      |.............i@a.aa........--       --..............-- |..*.....| |...-|
      |..!.........:G-------......--        ----.....---##..---.-----..| |....|
      -- ----.. ---..|    |........|           ---.---   #-.....|   |.`| --..--
            |     --.|    |..--....|             ---      ----.*|   ----  ----
                   ---    -------.--                         |..|
                                ---                          ----
DaveT the Acolyte            St:11 Dx:12 Co:14 In:13 Wi:16 Ch:10  Lawful
Dlvl:4  $:1696 HP:0(38) Pw:46(46) AC:7  Xp:5 T:2071  Satiated

Latest messages:
 You hear a chugging sound.
 Click!  You trigger a rolling boulder trap!
 Fortunately for you, no boulder was released.
 Really step onto that falling rock trap? [yn] (n) n
 Really step onto that falling rock trap? [yn] (n) y
 There is a falling rock trap here.
 You see here 11 rocks.
 A trap door in the ceiling opens and a rock falls on your head!
 Fortunately, you are wearing a hard helmet.
 You miss the grid bug.
 The grid bug bites!
 You avoid harm.
 You kill the grid bug!
 You descend the stairs.
 You climb up the stairs.
 You see here a white gem.
 You see here a cloudy potion.
 I - a cloudy potion.
 What do you want to drink? [dqI or ?*] I
 You sense the presence of monsters.
 (For instructions type a '?')
 Done.
 The homunculus bites!
 You are put to sleep by the homunculus!
 The homunculus bites!
 The homunculus bites!
 The homunculus bites!
 The homunculus bites!
 The homunculus bites!
 The homunculus bites!
 The homunculus bites!
 The combat suddenly awakens you.
 You miss the giant ant.
 The giant ant bites!
 The homunculus bites!
 The gnome misses!
 You miss the giant ant.
 The giant ant bites!
 The homunculus bites!
 You miss the giant ant.
 The giant ant misses!
 The homunculus bites!
 You miss the giant ant.
 The giant ant bites!
 The homunculus bites!
 The gnome hits!
 The giant ant bites!
 You die...
 Do you want your possessions identified? [ynq] (y) y
 Do you want to see your attributes? [ynq] (y) q

Inventory:
 Coins    ('$')
  $ - 1696 gold pieces
 Weapons  (')')
  n - 6 +0 arrows (in quiver)
  E - 3 +0 daggers
  F - a cursed -2 dwarvish mattock
  a - a blessed +1 mace (weapon in right hand)
 Armor    ('[')
  w - a +3 orcish helm
  t - a +0 orcish helm (being worn)
  c - a burnt +0 small shield (being worn)
  p - a +0 alchemy smock with text "If you can't stand the heat, get out of Gehennom!"
  b - a +0 robe (being worn)
 Comestibles  ('%')
  e - a clove of garlic
  o - 2 cursed food rations
  f - a sprig of wolfsbane
 Scrolls  ('?')
  H - a scroll of enchant armor
  v - a scroll of gold detection
  u - a cursed scroll of identify
 Spellbooks  ('+')
  h - a spellbook of healing
  g - a spellbook of light
  A - a spellbook of sleep
 Potions  ('!')
  q - a cursed potion of sickness
  d - 4 potions of holy water
 Tools    ('(')
  G - a cursed wooden flute
  z - a blindfold
  D - a lock pick
  i - a magic marker (0:22)
 Gems/Stones  ('*')
  m - a worthless piece of yellowish brown glass

DaveT the Priest's attributes:

Background:
 You were an Acolyte, a level 5 human Priest.
 You were lawful, on a mission for Blind Io
 who was opposed by The Lady (neutral) and Offler (chaotic).
 You were right-handed.
 You were in the Gnomish Mines, on level 4.
 You entered the dungeon 2071 turns ago.
 You had 217 experience points, 103 more were needed to attain level 6.

Basics:
 You had 0 out of 38 hit points.
 You had all 46 energy points (spell power).
 Your armor class was 7.
 Your wallet contained 1696 zorkmids.
 Autopickup was off.

Final Characteristics:
 Your strength was 11 (limit:18/100).
 Your dexterity was 12 (peak:13, limit:18).
 Your constitution was 14 (limit:18).
 Your intelligence was 13 (limit:18).
 Your wisdom was 16 (limit:18).
 Your charisma was 10 (limit:18).

Final Status:
 You were satiated.
 You were unencumbered.
 You were wielding a mace.
 You had basic skill with mace and could have enhanced that.

Final Attributes:
 You were fervently aligned.
 You were telepathic.
 You were guarded.
 Your spell casting was enhanced by wearing a robe.
 You are dead.

Miscellaneous:
 You didn't encounter any bones levels.
 Total elapsed playing time was 9 minutes and 31 seconds.

Major events:
 Turn
    1: DaveT the lawful human Priest entered the dungeon
 1165: attained the rank of Acolyte (level 3)
 1549: entered the Gnomish Mines
 2071: killed by a giant ant

Spells:
 Name                 Level Category     Fail Retention
 light                  1   clerical       0%   81%-90%
 healing                1   healing        0%  76%-100%
 sleep                  3   enchantment   97%  76%-100%

Skills:
 Fighting Skills
   bare handed combat [Unskilled]
 Weapon Skills
   club               [Unskilled]
   mace               [Basic]
   morning star       [Unskilled]
   flail              [Unskilled]
   hammer             [Unskilled]
   quarterstaff       [Unskilled]
   polearms           [Unskilled]
   spear              [Unskilled]
   trident            [Unskilled]
   lance              [Unskilled]
   bow                [Unskilled]
   sling              [Unskilled]
   crossbow           [Unskilled]
   dart               [Unskilled]
   shuriken           [Unskilled]
   boomerang          [Unskilled]
   unicorn horn       [Unskilled]
 Spellcasting Skills
   healing spells     [Unskilled]
   divination spells  [Unskilled]
   clerical spells    [Basic]

Voluntary challenges:
 Character rerolling was not enabled.
 You never genocided any monsters.
 You never polymorphed an object.
 You never changed form.
 You used no wishes.
Achievements:
 You attained the rank of Acolyte.
 You entered the Gnomish Mines.

 The Dungeons of Doom: levels 1 to 4
    Level 1: "vault"
    Level 2: "vault"
       A fountain, a grave.
    Level 3: "empty vault"
       Stairs down to The Gnomish Mines.
    Level 4:
 The Gnomish Mines: levels 4 to 5
    Level 4: <- You were here.
       Final resting place for
          you, killed by a giant ant.
    Level 5:


Vanquished creatures:
  a rock piercer
  3 fog clouds
  a gnome leader
  a little dog
  a floating eye
  a dwarf
  a centipede
  2 dwarf zombies
  a large kobold
  a hobgoblin
  a cave spider
  3 gnomes
  2 geckos
  5 jackals
  a fox
  2 goblins
  5 grid bugs
  5 lichens
  7 newts
44 creatures vanquished.

No species were genocided or became extinct.

Game over:
                       ----------
                      /          \
                     /    REST    \
                    /      IN      \
                   /     PEACE      \
                  /                  \
                  |      DaveT       |
                  |     1696 Au      |
                  |   killed by a    |
                  |    giant ant     |
                  |                  |
                  |                  |
                  |       2026       |
                 *|     *  *  *      | *
        _________)/\\_//(\/(/\)/\//\/|_)_______

Goodbye DaveT the Priest...

You died in The Gnomish Mines on dungeon level 4 with 2665 points,
and 1696 pieces of gold, after 2071 moves.
You were level 5 with a maximum of 38 hit points when you died.

